 Dungeon Crawl Stone Soup version 0.28-a0-802-g09f76e8c00 (webtiles) character file.

Game seed: 17339600935617079384

470220 tilp the Shatterer (level 24, -16/187 HPs)
             Began as a Gnoll Hedge Wizard on Oct 15, 2021.
             Was a High Priest of Nemelex Xobeh.
             Killed from afar by an ice dragon (55 damage)
             ... with a blast of cold
             ... on level 3 of the Depths on Nov 6, 2021.
             The game lasted 04:28:26 (100635 turns).

tilp the Shatterer (Gnoll Hedge Wizard)           Turns: 100635, Time: 04:28:28

Health: -16/187    AC: 30    Str: 31    XL:     24   Next: 65%
Magic:  29/44      EV: 18    Int: 38    God:    Nemelex Xobeh [*****.]
Gold:   2020       SH: 19    Dex: 17    Spells: 5/57 levels left

rFire   + . .      SeeInvis .   b - +11 hand crossbow "Duamnell" {flame, rPois}
rCold   . . .      Faith    +   K - +5 kite shield of Keing {Will+ Int+4}
rNeg    + + .      Spirit   .   p - +8 chain mail of Ignis's Inspiration {Str+5 Int+4}
rPois   +          Reflect  .   k - +0 helmet of Cusaojit {rF+ Str+4}
rElec   +          Harm     .   o - scarf {shadows}
rCorr   .          Rampage  .   H - +2 pair of gloves {Dex+3}
Will    +++..                   e - +2 pair of boots {Stlth+}
Stlth   ++++......              x - amulet of Uclaogis {Faith rN++ Will+ Str+4}
HPRegen 0.41/turn               C - ring "Wichag" {Contam rElec rPois Str+6 Dex+3}
MPRegen 0.29/turn               s - +6 ring of intelligence

@: studying 2 skills
A: fangs 1, strong nose, distributed training, frail 1
}: 2/15 runes: barnacled, gossamer
a: Renounce Religion, Draw Escape, Draw Destruction, Draw Summoning, Triple
Draw, Deal Four, Stack Five


You were on level 3 of the Depths.
You worshipped Nemelex Xobeh.
Nemelex Xobeh was extremely pleased with you.
You visited 8 branches of the dungeon, and saw 41 of its levels.
You visited the Abyss 1 time.
You also visited: Sewer, Bailey, Ice Cave and Wizlab.

You collected 7593 gold pieces.
You spent 5573 gold pieces at shops.

Inventory:

Hand Weapons
 a - a +8 demon whip of electrocution
 b - the +11 hand crossbow "Duamnell" (weapon) {flame, rPois}
   (You bought it in a shop on level 1 of the Elven Halls)

   Any ammunition fired from it burns those it strikes, dealing additional fire
   damage.
   rPois:     It protects you from poison.
 h - a +2 sacred scourge of holy wrath
 R - the +10 arbalest of Efon {speed, rPois rF- Int+2 SInv}
   (You found it on level 3 of the Vaults)

   Attacks with this weapon are significantly faster.
   Int:       It affects your intelligence (+2).
   rF:        It makes you vulnerable to fire.
   rPois:     It protects you from poison.
   SInv:      It lets you see invisible.
 Y - the +6 Majin-Bo {vamp, MP+6 Int+6}
   (You took it off a Hellbinder in a wizard's laboratory)

   It occasionally heals its wielder for a portion of the damage dealt when they
   wound a living foe with it or with a spell.
   Its wielder's spells cost health as well as magical power.
   Int:       It affects your intelligence (+6).
   MP:        It affects your magic capacity (+6).
Missiles
 c - 7 curare-tipped darts {!f}
 r - 12 throwing nets {!f}
 w - 1063 bolts (quivered ammo)
Armour
 e - a +2 pair of boots of stealth (worn)
 k - the +0 helmet of Cusaojit (worn) {rF+ Str+4}
   (You found it on level 3 of the Elven Halls)

   Str:       It affects your strength (+4).
   rF:        It protects you from fire.
 o - a scarf of shadows (worn)
 p - the +8 chain mail of Ignis's Inspiration (worn) {Str+5 Int+4}
   (You found it on level 2 of the Shoals)

   Str:       It affects your strength (+5).
   Int:       It affects your intelligence (+4).
 H - a +2 pair of gloves of dexterity (worn)
 K - the +5 kite shield of Keing (worn) {Will+ Int+4}
   (You acquired it on level 6 of the Lair of Beasts)

   Int:       It affects your intelligence (+4).
   Will:      It increases your willpower.
Jewellery
 l - a ring of protection from cold
 s - a +6 ring of intelligence (right hand)
 x - the amulet of Uclaogis (around neck) {Faith rN++ Will+ Str+4}
   (You found it on level 4 of the Dungeon)

   [amulet of faith]

   It allows you to gain divine favour quickly.
   Str:       It affects your strength (+4).
   rN:        It greatly protects you from negative energy.
   Will:      It increases your willpower.
 C - the ring "Wichag" (left hand) {Contam rElec rPois Str+6 Dex+3}
   (You found it in a wizard's laboratory)

   [ring of strength]

   Str:       It affects your strength (+6).
   Dex:       It affects your dexterity (+3).
   rElec:     It insulates you from electricity.
   rPois:     It protects you from poison.
   Contam:    It causes magical contamination when unequipped.
 P - a ring of protection from fire
 X - a ring of see invisible
Wands
 g - a wand of polymorph (34)
 t - a wand of paralysis (52)
 y - a wand of charming (53)
 G - a wand of digging (15)
 L - a wand of mindburst (12)
 O - a wand of iceblast (31)
 W - a wand of acid (35)
Scrolls
 f - 3 scrolls of blinking
 j - 2 scrolls of summoning
 m - 19 scrolls of teleportation
 q - 2 scrolls of magic mapping
 I - 11 scrolls of fear
 V - 5 scrolls of fog
Potions
 d - 7 potions of flight
 n - 15 potions of curing
 u - 3 potions of heal wounds
 v - 7 potions of haste
 z - 4 potions of brilliance
 A - 7 potions of magic
 B - 5 potions of cancellation
 D - 2 potions of mutation
 E - 3 potions of attraction
 F - 2 potions of resistance
 M - 3 potions of berserk rage
 N - 2 potions of might
 Z - 4 potions of invisibility
Miscellaneous
 i - a phial of floods
 J - a lightning rod (4/4)
 Q - a tin of tremorstones (2/2)
 S - a condenser vane
 T - a phantom mirror
 U - a box of beasts


   Skills:
 + Level 21.0 Fighting
 + Level 16.0 Short Blades
 + Level 16.0 Long Blades
 + Level 16.0 Axes
 + Level 21.7 Maces & Flails
 + Level 16.0 Polearms
 + Level 16.0 Staves
 + Level 16.0 Slings
 + Level 16.0 Bows
 + Level 16.0 Crossbows
 + Level 16.0 Throwing
 + Level 16.0 Armour
 + Level 16.6 Dodging
 + Level 16.5 Stealth
 + Level 16.0 Shields
 + Level 16.0 Unarmed Combat
 + Level 17.3 Spellcasting
 + Level 13.8 Conjurations
 + Level 13.6 Hexes
 + Level 13.8 Summonings
 + Level 13.6 Necromancy
 + Level 13.8 Translocations
 + Level 13.6 Transmutations
 + Level 13.6 Fire Magic
 + Level 13.6 Ice Magic
 + Level 13.6 Air Magic
 + Level 13.6 Earth Magic
 + Level 13.6 Poison Magic
 + Level 17.3 Invocations
 + Level 16.0 Evocations


You had 5 spell levels left.
You knew the following spells:

 Your Spells              Type           Power      Damage    Failure   Level
a - Apportation           Tloc           100%       N/A       0%          1
b - Blink                 Tloc           100%       N/A       0%          2
c - Conjure Flame         Conj/Fire      95%        6-21      1%          3
d - Mephitic Cloud        Conj/Pois/Air  95%        N/A       1%          3
e - Tukima's Dance        Hex            95%        N/A       1%          3
f - Swiftness             Air            95%        N/A       1%          3
g - Frozen Ramparts       Ice            100%       1d12      1%          3
h - Airstrike             Air            47%        N/A       1%          4
i - Hailstorm             Conj/Ice       95%        3d19      1%          4
j - Animate Armour        Summ/Erth      100%       N/A       1%          4
k - Manifold Assault      Tloc           95%        N/A       1%          5
l - Borgnjor's Vile Clut  Necr/Erth      47%        N/A       1%          5
m - Iron Shot             Conj/Erth      47%        9d9       1%          6
n - Invisibility          Hex            47%        N/A       1%          6

Your spell library contained the following spells:

 Spells                   Type           Power      Damage    Failure   Level
 Animate Skeleton         Necr           100%       N/A       0%          1
 Magic Dart               Conj           100%       1d8       0%          1
 Pain                     Necr           100%       1d9       0%          1
 Shock                    Conj/Air       100%       1d9       0%          1
 Slow                     Hex            100%       N/A       0%          1
 Summon Small Mammal      Summ           100%       N/A       0%          1
 Call Imp                 Summ           95%        N/A       0%          2
 Ensorcelled Hibernation  Hex/Ice        100%       N/A       0%          2
 Passwall                 Tmut/Erth      79%        N/A       0%          2
 Searing Ray              Conj           100%       2d8       0%          2
 Static Discharge         Conj/Air       95%        N/A       0%          2
 Sublimation of Blood     Necr           95%        N/A       0%          2
 Wereblood                Tmut           95%        N/A       0%          2
 Call Canine Familiar     Summ           95%        N/A       1%          3
 Dazzling Flash           Conj/Hex       100%       N/A       1%          3
 Gell's Gravitas          Tloc           95%        N/A       1%          3
 Lesser Beckoning         Tloc           95%        N/A       1%          3
 Ozocubu's Armour         Ice            95%        N/A       1%          3
 Portal Projectile        Hex/Tloc       100%       N/A       1%          3
 Spider Form              Tmut/Pois      95%        N/A       1%          3
 Teleport Other           Tloc           95%        N/A       1%          3
 Animate Dead             Necr           47%        N/A       1%          4
 Dispel Undead            Necr           95%        3d30      1%          4
 Fulminant Prism          Conj/Hex       47%        3d21      1%          4
 Ice Form                 Ice/Tmut       95%        N/A       1%          4
 Iskenderun's Mystic Bla  Conj/Tloc      95%        2d18      1%          4
 Leda's Liquefaction      Hex/Erth       47%        N/A       1%          4
 Passage of Golubria      Tloc           95%        N/A       1%          4
 Petrify                  Tmut/Erth      95%        N/A       1%          4
 Sticky Flame             Conj/Fire      95%        2d10      1%          4
 Summon Ice Beast         Ice/Summ       95%        N/A       1%          4
 Summon Lightning Spire   Summ/Air       95%        N/A       1%          4
 Alistair's Intoxication  Tmut/Pois      63%        N/A       1%          5
 Blade Hands              Tmut           47%        N/A       1%          5
 Excruciating Wounds      Necr           47%        N/A       1%          5
 Fireball                 Conj/Fire      47%        3d19      1%          5
 Irradiate                Conj/Tmut      47%        3d29      1%          5
 Lee's Rapid Deconstruct  Erth           47%        3d24*     1%          5
 Lightning Bolt           Conj/Air       47%        1d68      1%          5
 Summon Forest            Summ/Tloc      47%        N/A       1%          5
 Summon Mana Viper        Hex/Summ       95%        N/A       1%          5
 Yara's Violent Unravell  Hex/Tmut       47%        3d18      1%          5
 Eringya's Noxious Bog    Tmut/Pois      47%        N/A       1%          6
 Simulacrum               Ice/Necr       47%        N/A       1%          6
 Starburst                Conj/Fire      47%        6d13      1%          6
 Summon Cactus Giant      Summ           47%        N/A       1%          6
 Haunt                    Necr/Summ      47%        N/A       9%          7
 Monstrous Menagerie      Summ           47%        N/A       9%          7
 Ozocubu's Refrigeration  Ice            47%        4d14      9%          7
 Storm Form               Tmut/Air       47%        N/A       9%          7
 Summon Hydra             Summ           47%        N/A       9%          7
 Discord                  Hex            47%        N/A       56%         8
 Ignition                 Fire           47%        3d13      56%         8
 Necromutation            Tmut/Necr      47%        N/A       56%         8
 Polar Vortex             Ice            47%        N/A       100%        9


Dungeon Overview and Level Annotations

Branches:
Dungeon (15/15)            Temple (0/1) D:7            Lair (6/6) D:10
 Shoals (4/4) Lair:4       Spider (4/4) Lair:4        Slime (0/5) Lair:5
    Orc (2/2) D:10            Elf (3/3) Orc:2        Vaults (4/5) D:13
  Crypt (0/3) Vaults:3     Depths (3/4) D:15          Sewer (visited)
 Bailey (visited)           IceCv (visited)          WizLab (visited)

Altars:
Cheibriados
Elyvilon
Gozag
Kikubaaqudgha
Nemelex Xobeh
Okawaru
Qazlal
Sif Muna
Trog
Wu Jian
Xom
Yredelemnul
Jiyva

Shops:
D:4 *   D:5 !   D:10 [(   Orc:2 (:[*   Elf:1 ((   Vaults:4 =[(

Portals:
Hell: Depths:1 Depths:2
Pandemonium: Depths:2

Annotations:
Shoals:1 Louise
Shoals:4 1 runed translucent door, exclusion: kraken, yegreS's ghost, adept MiFi
Spider:1 wucad mu + nice broad axe
Elf:2 3 runed translucent doors


Innate Abilities, Weirdness & Mutations

You have very sharp teeth.
Your uncanny sense of smell can sniff out nearby items.
Your experience applies equally to all skills.
You are frail. (-10% HP)


Message History

Casting: Borgnjor's Vile Clutch (mildly dangerous; 1% risk of failure)
Confirm with . or Enter, or press ? or * to list all spells.
Okay, then.
Unknown command.
Your +8 demon whip of electrocution stops crackling.
The +11 hand crossbow "Duamnell" {flame, rPois} bursts into flame!
b - the +11 hand crossbow "Duamnell" (weapon)
{flame, rPois} The zombie hands constrict the ice dragon.
You are too injured to fight recklessly!
Unknown command.
Fire: 1066 bolts
Press: ? - help, Q - select action, (/) - cycle Shift-Dir - straight line, f/p - ice dragon
Aim: an ice dragon (lightly wounded, constricted by zombie hands, 95% to hit)
You shoot a bolt. The bolt hits the ice dragon!
The bolt burns the ice dragon.
The ice dragon is moderately wounded.
The zombie hands constrict the ice dragon!
The ice dragon breathes frost at you. The blast of cold hits you!!!
* * * LOW HITPOINT WARNING * * *
Fire: 1065 bolts
Press: ? - help, Q - select action, (/) - cycle Shift-Dir - straight line, f/p - ice dragon
Aim: an ice dragon (heavily wounded, catching its breath, constricted by zombie hands, 95% to hit)
You shoot a bolt.
The bolt hits the ice dragon but does no damage.
The ice dragon is heavily wounded.
The zombie hands constrict the ice dragon!
The ice dragon struggles to escape constriction.
Unknown command.
Unknown command.
Unknown command.
Fire: 1064 bolts
Press: ? - help, Q - select action, (/) - cycle Shift-Dir - straight line, f/p - ice dragon
Aim: an ice dragon (heavily wounded, constricted by zombie hands, 95% to hit)
You shoot a bolt. The bolt hits the ice dragon.
The bolt burns the ice dragon.
The ice dragon is heavily wounded.
The zombie hands constrict the ice dragon.
The ice dragon breathes frost at you. The blast of cold hits you!!!
You die...
Your body glows slightly and disappears.

#.................#..
#.................#..
#.................#..
#.....##......#......
#..>...##.....#......
#.......##....#.....#
###......##...#....##
#.......##..#...##.
*#.@......##.#..##..
#..[)......**####...
#..(.......*,,,*....
#$.(.#####**,_,**###
#..(..,,,,,*,,,*,,..
******#..D...,,,****+*,,..
*,,,,,'.......,**,,*,**...
**,****,,,,,,,**,,,*,,*#..
*,* *,,,,,,,**,,,,*,,,##.


You could see an ice dragon (catching breath, clutched).

Vanquished Creatures
  2 royal mummies (Depths:2)
  Sojobo (Vaults:1)
  A golden dragon (Depths:3)
  A Hellbinder (WizLab)
  Arachne (Spider:3)
  A bone dragon (Abyss:3)
  A lich (Depths:1)
  A quicksilver dragon (Orc:1)
  A walking frostbound tome (Depths:3)
  2 deep elf blademasters (Elf:3)
  A tentacled starspawn (Abyss:3)
  2 deep elf master archers (Elf:3)
  10 sphinxes
  A kraken (Shoals:2)
  Agnes (Vaults:1)
  Donald (Vaults:2)
  A tengu reaver (Vaults:4)
  Kirke (Shoals:1)
  A draconian knight (Vaults:1)
  3 fire giants
  The ghost of Xyofuoq the Fighter, an adept GnIE of Okawaru (Spider:3)
  4 frost giants
  An orc warlord (Vaults:4)
  2 balrugs
  3 deep elf sorcerers (Elf:3)
  5 emperor scorpions (Spider:4)
  9 vault wardens
  4 ghost moths
  A cacodemon (WizLab)
  A demonspawn blood saint (WizLab)
  An angel (Abyss:3)
  2 deep elf elementalists (Elf:3)
  16 ironbound preservers
  4 war gargoyles
  A reaper (Depths:2)
  3 spriggan defenders
  13 very ugly things
  2 vampire knights
  7 stone giants
  6 entropy weavers
  4 deep elf annihilators (Elf:3)
  9 deep elf demonologists
  3 spark wasps
  16 dire elephants
  Josephine (D:15)
  2 green deaths (WizLab)
  8 ettins
  2 blizzard demons (WizLab)
  3 merfolk javelineers (Shoals:4)
  4 mummy priests (Depths:2)
  4 deep elf death magi
  3 deep elf high priests
  8 merfolk impalers
  9 fire dragons
  A great orb of eyes (Vaults:3)
  A crystal guardian (Vaults:1)
  2 hell beasts (WizLab)
  3 ice dragons
  3 peacekeepers
  8 ironbound thunderhulks
  8 boulder beetles
  5 vault guards
  An ogre mage (Vaults:3)
  4 spriggan air magi
  4 yaktaur captains
  2 alligator snapping turtles
  6 hydras
  A catoblepas (D:9)
  5 rakshasas
  2 death knights
  3 merfolk avatars
  11 centaur warriors
  A merfolk aquamancer (Shoals:2)
  Erica (Orc:1)
  3 satyrs
  9 two-headed ogres
  8 ironbound frosthearts
  A hell hog (Abyss:3)
  4 tengu warriors
  2 deep troll shamans (Depths:1)
  3 orc high priests
  A vampire mage (Depths:3)
  2 spriggan berserkers
  4 deep troll earth magi
  Urug (Orc:1)
  Sonja (Lair:3)
  13 hell knights
  2 thrashing horrors (Abyss:3)
  A fire crab (Lair:5)
  A sixfirhy (Abyss:3)
  3 sun demons (WizLab)
  7 deep elf knights
  6 skeletal warriors
  2 iron trolls
  9 deep elf archers
  4 glowing orange brains
  2 shadow demons (WizLab)
  6 sea snakes
  43 deep trolls
  6 lindwurms
  4 phantasmal warriors
  11 wizards
  9 ironbound convokers
  9 harpies
  7 orc knights
  17 orb spiders
  6 orc sorcerers
  4 necromancers
  19 deep elf pyromancers
  34 deep elf zephyrmancers
  41 wolf spiders
  15 fauns
  11 cyclopes
  43 ugly things
  13 manticores
  3 elephants (Lair:5)
  A will-o-the-wisp (Abyss:3)
  3 rust devils (WizLab)
  2 moths of wrath
  A toenail golem (Abyss:3)
  3 ice statues (IceCv)
  13 merfolk sirens
  A stone giant skeleton (Vaults:2)
  6 black mambas
  A black mamba (shapeshifter) (D:13)
  Joseph (D:9)
  An elephant (shapeshifter) (Elf:3)
  7 water nymphs
  12 vault sentinels
  2 smoke demons (Abyss:3)
  A frost giant skeleton (Vaults:2)
  3 torpor snails
  4 orange demons
  12 cane toads
  An unseen horror (D:12)
  A hellion (Abyss:3)
  12 komodo dragons
  30 yaktaurs
  A yaktaur (shapeshifter) (Elf:1)
  A freezing wraith (D:14)
  A hellwing (WizLab)
  14 demonic crawlers
  2 rime drakes
  2 efreet
  4 guardian mummies (Depths:2)
  Psyche (D:9)
  4 tengu conjurers
  A kobold demonologist (D:13)
  2 red devils (WizLab)
  An ice devil (WizLab)
  An entropy weaver simulacrum (IceCv)
  14 trolls
  An ancient zyme (Abyss:3)
  A queen bee (Spider:3)
  A queen bee (shapeshifter) (Abyss:3)
  17 hornets
  4 polar bears
  7 wind drakes
  34 jumping spiders
  21 merfolk
  A meliai (D:13)
  A meliai (shapeshifter) (D:15)
  10 dream sheep
  A polar bear (shapeshifter) (D:9)
  11 raiju
  19 blink frogs
  2 elf zombies (Vaults:2)
  53 slime creatures
  8 snapping turtles
  4 large abominations (Abyss:3)
  81 redbacks
  A vampire (D:11)
  A tarantella (shapeshifter) (Elf:3)
  3 air elementals
  2 shadows
  4 spriggans
  A spriggan (shapeshifter) (D:15)
  A dire elephant simulacrum (IceCv)
  37 tarantellas
  6 basilisks
  3 fire elementals
  A human (shapeshifter) (D:15)
  17 yaks
  8 wraiths
  A ynoxinul (Abyss:3)
  2 hogs (Shoals:1)
  6 water elementals
  3 wyverns
  24 dancing weapons
  5 neqoxecs (WizLab)
  A steam dragon (D:4)
  A chaos spawn (WizLab)
  9 vampire mosquitoes
  Menkaure (D:6)
  A death yak simulacrum (IceCv)
  A human zombie (Vaults:2)
  2 wargs (Orc:1)
  3 acid dragons
  11 water moccasins
  31 orc warriors
  A water moccasin (shapeshifter) (D:13)
  11 ogres
  A black bear (Lair:1)
  An ogre (shapeshifter) (D:15)
  18 wolves
  8 boggarts
  2 necrophages (D:6)
  20 centaurs
  6 small abominations (Abyss:3)
  A gnoll sergeant (D:8)
  19 bullfrogs
  Blork the orc (D:6)
  3 earth elementals
  A water moccasin zombie (D:6)
  5 scorpions
  A water moccasin skeleton (D:5)
  2 elephant simulacra (IceCv)
  8 killer bees
  10 wights
  5 howler monkeys
  5 electric eels
  2 bullfrog zombies
  4 centaur zombies
  Crazy Yiuf (D:6)
  2 hounds (D:5)
  2 jellies (D:6)
  20 orc priests
  A bullfrog skeleton (D:7)
  2 iron imps (Abyss:3)
  A centaur skeleton (D:5)
  Ijyb (D:3)
  Terence (D:2)
  An iguana (D:5)
  29 orc wizards
  2 polar bear simulacra (IceCv)
  A killer bee zombie (D:6)
  A wolf simulacrum (IceCv)
  5 gnolls (D:8)
  7 adders
  2 white imps
  3 ufetubi
  2 dart slugs (D:1)
  74 orcs
  21 ball pythons
  10 endoplasms
  13 giant cockroaches (Sewer)
  7 goblins
  4 hobgoblins
  3 jackals (D:3)
  14 quokkas
  7 bats
  17 frilled lizards
  9 kobolds
  4 rats
  A fungus (Lair:5)
1692 creatures vanquished.

Vanquished Creatures (collateral kills)
  Mara (Vaults:2)
  Margery (Vaults:4)
  A bone dragon (Abyss:3)
  Rupert (Lair:5)
  A sphinx (Depths:3)
  3 krakens (Shoals:2)
  A storm dragon (Depths:3)
  A draconian knight (Vaults:1)
  2 vault wardens
  A frost giant (Shoals:4)
  3 emperor scorpions
  A quicksilver ooze (Shoals:2)
  A stone giant (Depths:3)
  2 dire elephants
  A merfolk impaler (Shoals:4)
  3 hydras
  A merfolk avatar (Lair:6)
  An ironbound frostheart (Vaults:1)
  2 two-headed ogres
  A tengu warrior (D:13)
  An alligator snapping turtle (Shoals:4)
  Nergalle (D:10)
  3 hell knights
  A sea snake (Shoals:4)
  5 deep trolls
  A lindwurm (Vaults:1)
  An orc knight (Orc:2)
  A deep elf pyromancer (D:9)
  A wolf spider (Spider:4)
  3 ironbound convokers
  An ugly thing (Vaults:2)
  An elephant (Lair:6)
  A black mamba (Lair:1)
  A gargoyle (D:11)
  2 cane toads
  3 komodo dragons
  A yaktaur (Vaults:3)
  A merfolk (Shoals:4)
  3 hornets
  A wind drake (Lair:6)
  A blink frog (Lair:6)
  A dream sheep (Shoals:4)
  2 yaks (Lair:6)
  A spriggan (Depths:3)
  A death yak simulacrum (IceCv)
  6 water moccasins
  5 orc warriors
  A wolf (Lair:6)
  A bullfrog (Lair:2)
  An adder (D:3)
  2 orcs (Orc:2)
  3 tentacles (Shoals:2)
87 creatures vanquished.

Vanquished Creatures (others)
  A manticore (Shoals:1)
  A hornet (Depths:3)
  A human (Shoals:1)
  7 dancing weapons
  An orc wizard (Orc:1)
  2 foxfires (Abyss:3)
  82 fungi
  169 plants
  56 tentacles (Shoals:2)
320 creatures vanquished.

Grand Total: 2099 creatures vanquished

Notes
Turn   | Place    | Note
-------+----------+-------------------------------------------
     0 | D:1      | tilp the Gnoll Hedge Wizard began the quest for the Orb.
     0 | D:1      | Reached XP level 1. HP: 13/13 MP: 8/8
     6 | D:1      | Noticed a komodo dragon
     6 | D:1      | Noticed an anaconda
     7 | D:1      | Noticed a swamp drake
     7 | D:1      | Noticed a polar bear
   264 | D:1      | Reached XP level 2. HP: 13/19 MP: 6/10
   807 | D:1      | Reached XP level 3. HP: 25/25 MP: 6/11
   880 | D:1      | Learned a level 2 spell: Call Imp
   883 | D:1      | Learned a level 2 spell: Blink
   886 | D:1      | Learned a level 1 spell: Slow
  1435 | D:2      | Noticed Terence
  2176 | D:2      | Reached skill level 1 in Invocations
  2253 | D:2      | Found a faded altar of an unknown god.
  2256 | D:2      | Prayed at the altar of an unknown god.
  2256 | D:2      | Became a worshipper of Nemelex Xobeh the Trickster
  2256 | D:2      | Reached * piety under Nemelex Xobeh
  2256 | D:2      | Received a gift from Nemelex Xobeh
  2294 | D:2      | Killed Terence
  2295 | D:2      | Reached skill level 1 in Fighting
  2295 | D:2      | Reached skill level 1 in Short Blades
  2295 | D:2      | Reached skill level 1 in Long Blades
  2295 | D:2      | Reached skill level 1 in Axes
  2295 | D:2      | Reached skill level 1 in Maces & Flails
  2295 | D:2      | Reached skill level 1 in Polearms
  2295 | D:2      | Reached skill level 1 in Staves
  2295 | D:2      | Reached skill level 1 in Slings
  2295 | D:2      | Reached skill level 1 in Bows
  2295 | D:2      | Reached skill level 1 in Crossbows
  2295 | D:2      | Reached skill level 1 in Throwing
  2295 | D:2      | Reached skill level 1 in Armour
  2295 | D:2      | Reached skill level 1 in Shields
  2295 | D:2      | Reached skill level 1 in Unarmed Combat
  2295 | D:2      | Reached skill level 1 in Evocations
  2295 | D:2      | Reached XP level 4. HP: 32/32 MP: 10/13
  2322 | D:3      | Noticed Ijyb
  2326 | D:3      | Killed Ijyb
  2327 | D:3      | Reached skill level 1 in Hexes
  2327 | D:3      | Reached skill level 1 in Necromancy
  2327 | D:3      | Reached skill level 1 in Transmutations
  2327 | D:3      | Reached skill level 1 in Fire Magic
  2327 | D:3      | Reached skill level 1 in Ice Magic
  2327 | D:3      | Reached skill level 1 in Air Magic
  2327 | D:3      | Reached skill level 1 in Earth Magic
  2327 | D:3      | Reached skill level 1 in Poison Magic
  3178 | D:3      | Reached XP level 5. HP: 30/37 MP: 14/14
  3322 | D:4      | Noticed a two-headed ogre
  3343 | D:4      | Reached ** piety under Nemelex Xobeh
  3347 | D:4      | Noticed a steam dragon
  3360 | D:4      | Killed a steam dragon
  3361 | D:4      | Reached XP level 6. HP: 17/44 MP: 16/16
  3655 | D:4      | Found Qoaddopp's Gadget Gallery.
  3758 | D:4      | Bought a wand of paralysis (6) for 104 gold pieces
  3768 | D:4      | Reached skill level 5 in Dodging
  3774 | D:4      | Got the Papyrus of Malediction
  3905 | D:4      | Received a gift from Nemelex Xobeh
  4093 | D:4      | Reached XP level 7. HP: 47/50 MP: 18/18
  4284 | D:4      | Identified the amulet of Uclaogis {Faith rN++ Will+ Str+4}
  4422 | D:5      | Entered Level 5 of the Dungeon
  4593 | D:5      | Found Yphion's Distillery.
  4668 | D:5      | Found a glowing drain.
  4672 | Sewer    | Entered a sewer
  4711 | Sewer    | Reached skill level 5 in Stealth
  5149 | Sewer    | Reached XP level 8. HP: 21/57 MP: 10/19
  5855 | D:5      | Bought a potion of invisibility for 80 gold pieces
  6824 | D:5      | Bought a potion of cancellation for 80 gold pieces
  7663 | D:6      | Noticed Menkaure
  7670 | D:6      | Killed Menkaure
  7671 | D:6      | Reached XP level 9. HP: 22/65 MP: 21/21
  8029 | D:6      | Noticed Blork the orc
  8032 | D:6      | Noticed a troll
  8104 | D:5      | Learned a level 2 spell: Ensorcelled Hibernation
  8108 | D:5      | Learned a level 3 spell: Conjure Flame
  8112 | D:5      | Learned a level 3 spell: Mephitic Cloud
  8116 | D:5      | Learned a level 3 spell: Tukima's Dance
  8220 | D:5      | Identified a scroll of acquirement
  8295 | D:6      | Killed a troll
  8623 | D:6      | Reached skill level 5 in Maces & Flails
  8973 | D:6      | Found a runed translucent door.
  8974 | D:6      | Noticed Crazy Yiuf
  9095 | D:6      | Killed Crazy Yiuf
  9331 | D:6      | Killed Blork the orc
  9940 | D:7      | Found a staircase to the Ecumenical Temple.
  9942 | D:7      | Reached *** piety under Nemelex Xobeh
 10004 | D:7      | Received a gift from Nemelex Xobeh
 10034 | D:7      | Reached skill level 5 in Invocations
 10507 | D:7      | Reached XP level 10. HP: 73/73 MP: 22/22
 11136 | D:7      | Learned a level 3 spell: Call Canine Familiar
 11140 | D:7      | Learned a level 3 spell: Swiftness
 11208 | D:8      | Reached skill level 5 in Fighting
 11208 | D:8      | Reached skill level 5 in Short Blades
 11208 | D:8      | Reached skill level 5 in Long Blades
 11208 | D:8      | Reached skill level 5 in Axes
 11208 | D:8      | Reached skill level 5 in Polearms
 11208 | D:8      | Reached skill level 5 in Staves
 11208 | D:8      | Reached skill level 5 in Slings
 11208 | D:8      | Reached skill level 5 in Bows
 11208 | D:8      | Reached skill level 5 in Crossbows
 11208 | D:8      | Reached skill level 5 in Throwing
 11208 | D:8      | Reached skill level 5 in Armour
 11208 | D:8      | Reached skill level 5 in Shields
 11208 | D:8      | Reached skill level 5 in Unarmed Combat
 11208 | D:8      | Reached skill level 5 in Evocations
 11553 | D:8      | Found a snail-covered altar of Cheibriados.
 11559 | D:8      | Found a shimmering blue altar of Sif Muna.
 11560 | D:8      | Found a white marble altar of Elyvilon.
 11564 | D:8      | Found a bloodstained altar of Trog.
 11620 | D:8      | Found a stormy altar of Qazlal.
 11991 | D:8      | Received a gift from Nemelex Xobeh
 12078 | D:8      | Found an ornate altar of the Wu Jian Council.
 12532 | D:9      | Noticed a cyclops
 12627 | D:9      | Noticed Joseph
 12656 | D:9      | Noticed a deep elf pyromancer
 12681 | D:9      | Reached skill level 5 in Conjurations
 12681 | D:9      | Reached skill level 5 in Summonings
 12681 | D:9      | Reached skill level 5 in Translocations
 12750 | D:9      | Noticed a boulder beetle
 12803 | D:9      | Noticed a centaur warrior
 13154 | D:9      | Noticed a death knight
 13288 | D:9      | Killed a boulder beetle
 13428 | D:9      | Noticed a centaur warrior
 13540 | D:9      | Killed a cyclops
 13617 | D:9      | Killed a centaur warrior
 13618 | D:9      | Reached XP level 11. HP: 38/81 MP: 16/24
 13819 | D:9      | Noticed a catoblepas
 13896 | D:9      | Reached **** piety under Nemelex Xobeh
 13905 | D:9      | Noticed a purple ugly thing
 13905 | D:9      | Noticed a white ugly thing
 14062 | D:9      | Killed a centaur warrior
 14063 | D:9      | Reached skill level 5 in Hexes
 14063 | D:9      | Reached skill level 5 in Necromancy
 14063 | D:9      | Reached skill level 5 in Transmutations
 14063 | D:9      | Reached skill level 5 in Fire Magic
 14063 | D:9      | Reached skill level 5 in Ice Magic
 14063 | D:9      | Reached skill level 5 in Air Magic
 14063 | D:9      | Reached skill level 5 in Earth Magic
 14063 | D:9      | Reached skill level 5 in Poison Magic
 14433 | D:9      | Received a gift from Nemelex Xobeh
 14678 | D:9      | Noticed Psyche
 14687 | D:9      | Killed Psyche
 14697 | D:9      | Killed Joseph
 14924 | D:9      | Received a gift from Nemelex Xobeh
 14955 | D:9      | Noticed a green ugly thing
 14990 | D:9      | Killed a cyan ugly thing
 14993 | D:9      | Killed a white ugly thing
 14999 | D:9      | Killed a white ugly thing
 15491 | D:9      | Killed a death knight
 15513 | D:9      | Killed a deep elf pyromancer
 16095 | D:9      | Killed a catoblepas
 17037 | D:9      | Upgraded the game from 0.28-a0-664-gc179e30c89 to
                  | 0.28-a0-683-ga8797d1ae1
 17065 | D:10     | Entered Level 10 of the Dungeon
 17079 | D:10     | Found a flagged portal.
 17088 | Bailey   | Entered a bailey
 17858 | Bailey   | Reached skill level 10 in Spellcasting
 17858 | Bailey   | Reached XP level 12. HP: 89/89 MP: 21/26
 18487 | Bailey   | Acquired the +9 staff of Wucad Mu {*channel}
 18487 | Bailey   | Found the +9 staff of Wucad Mu {*channel}
 18489 | Bailey   | Acquired 1176 gold pieces
 18539 | D:10     | Found an opulent altar of Gozag.
 18686 | D:10     | Reached ***** piety under Nemelex Xobeh
 18701 | D:10     | Received a gift from Nemelex Xobeh
 18788 | D:10     | Noticed Nergalle
 18804 | D:10     | Killed Nergalle
 18965 | D:10     | Found a staircase to the Lair.
 19211 | D:10     | Found Zilel's Armour Emporium.
 19211 | D:10     | Found a staircase to the Orcish Mines.
 19219 | D:10     | Found Kotapet's Weapon Emporium.
 19540 | D:10     | Received a gift from Nemelex Xobeh
 19585 | D:10     | Found a shimmering altar of Xom.
 20321 | D:11     | Received a gift from Nemelex Xobeh
 20328 | D:11     | Got the Incunabulum of Sinister Arts
 20722 | D:11     | Noticed a two-headed ogre
 20727 | D:11     | Noticed a two-headed ogre
 21386 | D:10     | Bought a +0 pair of gloves for 54 gold pieces
 21391 | D:10     | Bought the +0 scale mail "Woiwite" {rPois Will+} for 249
                  | gold pieces
 21524 | D:4      | Bought a condenser vane for 520 gold pieces
 21524 | D:4      | Bought a phantom mirror for 520 gold pieces
 21524 | D:4      | Bought a box of beasts for 520 gold pieces
 21651 | Lair:1   | Entered Level 1 of the Lair of Beasts
 21694 | Lair:1   | Reached skill level 10 in Maces & Flails
 21926 | Lair:1   | Received a gift from Nemelex Xobeh
 22109 | Lair:1   | Got the Grimoire of Enthralling Ice
 22169 | Lair:1   | Noticed Fannar
 22173 | Lair:1   | Noticed Fannar
 22173 | Lair:1   | Fannar changed into Fannar the snapping turtle
 22173 | Lair:1   | Killed Fannar the snapping turtle
 22347 | Lair:1   | Received a gift from Nemelex Xobeh
 22808 | Lair:2   | Received a gift from Nemelex Xobeh
 22825 | Lair:2   | Reached ****** piety under Nemelex Xobeh
 23084 | Lair:2   | Received a gift from Nemelex Xobeh
 23324 | Lair:2   | Noticed a four-headed hydra
 23334 | Lair:2   | Killed a four-headed hydra
 23349 | Lair:2   | Identified the +5 long sword of Upessek {flame, rPois
                  | Dex+4}
 23816 | Lair:3   | Noticed Sonja
 23950 | Lair:2   | Reached XP level 13. HP: 99/99 MP: 27/27
 24038 | Lair:3   | Received a gift from Nemelex Xobeh
 24872 | Lair:3   | Killed Sonja
 25203 | Lair:3   | Learned a level 3 spell: Frozen Ramparts
 25322 | Lair:4   | Found a frozen archway.
 25352 | IceCv    | Entered an ice cave
 25585 | IceCv    | HP: 3/101 [death yak simulacrum (14)]
 28229 | Lair:4   | Received a gift from Nemelex Xobeh
 28529 | Lair:4   | Found a hole to the Spider Nest.
 28718 | Lair:4   | Noticed a fire dragon
 29022 | Lair:4   | Got the Collected Works on Glacial Evil
 29065 | Lair:4   | Reached skill level 10 in Fighting
 29077 | Lair:4   | Received a gift from Nemelex Xobeh
 29472 | Lair:4   | Found a staircase to the Shoals.
 29764 | Lair:5   | Noticed Rupert
 29774 | Lair:4   | Noticed an ettin
 29774 | Lair:4   | an eight-headed hydra changed into an ettin
 29782 | Lair:4   | Killed an ettin
 30194 | Lair:5   | Received a gift from Nemelex Xobeh
 30291 | Lair:5   | Reached skill level 10 in Dodging
 30298 | Lair:5   | Reached XP level 14. HP: 110/110 MP: 29/29
 30610 | Lair:5   | Killed Rupert
 30698 | Lair:5   | Received a gift from Nemelex Xobeh
 30702 | Lair:5   | Reached skill level 10 in Stealth
 30823 | Lair:5   | Received a gift from Nemelex Xobeh
 30919 | Lair:5   | Found a viscous altar of Jiyva.
 30919 | Lair:5   | Found a staircase to the Slime Pits.
 31225 | Lair:5   | Upgraded the game from 0.28-a0-683-ga8797d1ae1 to
                  | 0.28-a0-750-g7c675f85b1
 31262 | Lair:6   | Entered Level 6 of the Lair of Beasts
 31528 | Lair:6   | Acquired the +5 kite shield of Keing {Will+ Int+4}
 31818 | Lair:6   | Reached skill level 10 in Invocations
 32511 | Lair:6   | Received a gift from Nemelex Xobeh
 32899 | Lair:6   | Received a gift from Nemelex Xobeh
 33801 | D:4      | Found Qoaddopp's Gadget Gallery.
 34295 | D:4      | Found Qoaddopp's Gadget Gallery.
 34688 | Orc:1    | Entered Level 1 of the Orcish Mines
 34985 | Orc:2    | Entered Level 2 of the Orcish Mines
 35017 | Orc:2    | Received a gift from Nemelex Xobeh
 35081 | Orc:2    | Found Niwom's General Store.
 35444 | Orc:2    | Noticed an orc warlord
 35901 | Orc:1    | Noticed Urug
 36036 | Orc:2    | Reached XP level 15. HP: 108/120 MP: 15/31
 36411 | Orc:1    | Noticed a quicksilver dragon
 36411 | Orc:1    | an orc warlord changed into a quicksilver dragon
 36411 | Orc:1    | Killed a quicksilver dragon
 36742 | Orc:2    | Found Tahysh's Book Shop.
 36749 | Orc:2    | Received a gift from Nemelex Xobeh
 36836 | Orc:2    | Found Xuerec's Antique Armour Shop.
 37172 | Orc:2    | Found a staircase to the Elven Halls.
 37176 | Orc:2    | Found Beirylad's Antique Weapon Emporium.
 37332 | Orc:2    | Bought a pair of embroidered gloves for 187 gold pieces
 37332 | Orc:2    | Bought a pair of glowing gloves for 187 gold pieces
 37332 | Orc:2    | Bought a scorched ring mail for 225 gold pieces
 37332 | Orc:2    | Identified the +0 ring mail of the Maze {Dex+7} (You bought
                  | it in a shop on level 2 of the Orcish Mines)
 37468 | Orc:1    | Noticed Erica
 37484 | Orc:1    | Killed Erica
 37924 | D:12     | Received a gift from Nemelex Xobeh
 37934 | D:12     | Reached skill level 10 in Short Blades
 37934 | D:12     | Reached skill level 10 in Long Blades
 37934 | D:12     | Reached skill level 10 in Axes
 37934 | D:12     | Reached skill level 10 in Polearms
 37934 | D:12     | Reached skill level 10 in Staves
 37934 | D:12     | Reached skill level 10 in Slings
 37934 | D:12     | Reached skill level 10 in Bows
 37934 | D:12     | Reached skill level 10 in Crossbows
 37934 | D:12     | Reached skill level 10 in Throwing
 37934 | D:12     | Reached skill level 10 in Armour
 37934 | D:12     | Reached skill level 10 in Shields
 37934 | D:12     | Reached skill level 10 in Unarmed Combat
 37934 | D:12     | Reached skill level 10 in Evocations
 39076 | D:12     | Received a gift from Nemelex Xobeh
 39223 | D:12     | Learned a level 4 spell: Airstrike
 39228 | D:12     | Learned a level 4 spell: Hailstorm
 39604 | D:13     | Found a gate to the Vaults.
 40050 | D:13     | Received a gift from Nemelex Xobeh
 40455 | D:13     | Received a gift from Nemelex Xobeh
 41731 | D:14     | Found a stormy altar of Qazlal.
 41949 | D:14     | Received a gift from Nemelex Xobeh
 42877 | D:14     | Upgraded the game from 0.28-a0-750-g7c675f85b1 to
                  | 0.28-a0-751-gef3a642a4e
 42934 | D:15     | Entered Level 15 of the Dungeon
 42964 | D:15     | Noticed Josephine
 42973 | D:15     | Killed Josephine
 42974 | D:15     | Reached XP level 16. HP: 123/130 MP: 25/32
 43651 | D:15     | Received a gift from Nemelex Xobeh
 44582 | D:15     | Found a staircase to the Depths.
 44865 | Shoals:1 | Entered Level 1 of the Shoals
 45109 | Shoals:1 | Noticed Louise
 45177 | Shoals:1 | Noticed Kirke
 45260 | Shoals:1 | Received a gift from Nemelex Xobeh
 45295 | Shoals:1 | Killed Kirke
 46393 | Shoals:2 | Acquired 999 gold pieces
 46759 | Shoals:2 | Noticed a kraken
 46819 | Shoals:2 | Killed a kraken
 46831 | Shoals:2 | Noticed a kraken
 47141 | Shoals:2 | Noticed a kraken
 47143 | Shoals:2 | Identified the +0 quarterstaff "Badet" {freeze, rPois rF+
                  | rC- rCorr}
 47156 | Shoals:2 | Killed a kraken
 47222 | Shoals:2 | Noticed a kraken
 48493 | Shoals:2 | Reached skill level 15 in Maces & Flails
 48791 | Shoals:2 | Identified the +8 chain mail of Ignis's Inspiration {Str+5
                  | Int+4}
 49360 | Shoals:2 | Killed a kraken
 49668 | Shoals:2 | Killed a kraken
 49921 | Shoals:2 | Upgraded the game from 0.28-a0-751-gef3a642a4e to
                  | 0.28-a0-769-g550dbda0cd
 50625 | Shoals:3 | Reached XP level 17. HP: 123/139 MP: 34/34
 51232 | Shoals:3 | Received a gift from Nemelex Xobeh
 51825 | D:5      | Bought a potion of heal wounds for 50 gold pieces
 51825 | D:5      | Bought a potion of invisibility for 80 gold pieces
 51825 | D:5      | Bought 2 potions of cancellation for 160 gold pieces
 52008 | Orc:2    | Bought a potion of heal wounds for 70 gold pieces
 52195 | D:4      | Bought a wand of acid (10) for 364 gold pieces
 52428 | Spider:1 | Entered Level 1 of the Spider Nest
 52621 | Spider:1 | Identified the +2 broad axe of Callousness {freeze, rN+
                  | Str+4 Int-4 Dex+3}
 52686 | Spider:1 | Received a gift from Nemelex Xobeh
 52929 | Spider:1 | Reached skill level 10 in Conjurations
 52929 | Spider:1 | Reached skill level 10 in Summonings
 52929 | Spider:1 | Reached skill level 10 in Translocations
 53025 | Spider:1 | Learned a level 4 spell: Animate Armour
 53434 | Spider:2 | Received a gift from Nemelex Xobeh
 54483 | Spider:2 | Paralysed by a hornet for 1 turns
 54573 | Spider:2 | Reached skill level 10 in Hexes
 54573 | Spider:2 | Reached skill level 10 in Necromancy
 54573 | Spider:2 | Reached skill level 10 in Transmutations
 54573 | Spider:2 | Reached skill level 10 in Fire Magic
 54573 | Spider:2 | Reached skill level 10 in Ice Magic
 54573 | Spider:2 | Reached skill level 10 in Air Magic
 54573 | Spider:2 | Reached skill level 10 in Earth Magic
 54573 | Spider:2 | Reached skill level 10 in Poison Magic
 54992 | Spider:2 | Reached skill level 15 in Fighting
 55223 | Spider:2 | Received a gift from Nemelex Xobeh
 55458 | Spider:2 | Learned a level 1 spell: Apportation
 55974 | Spider:3 | Noticed Xyofuoq's ghost (adept GnIE)
 56127 | Spider:3 | Found a runed translucent door.
 57359 | Spider:3 | Received a gift from Nemelex Xobeh
 57592 | Spider:3 | Killed Xyofuoq's ghost
 57713 | Spider:4 | Entered Level 4 of the Spider Nest
 57716 | Spider:4 | Noticed Arachne
 58023 | Spider:3 | Reached XP level 18. HP: 110/149 MP: 21/35
 59797 | Spider:3 | Killed Arachne
 62870 | Spider:4 | Got a gossamer rune of Zot
 63093 | Shoals:4 | Entered Level 4 of the Shoals
 63321 | Shoals:4 | Received a gift from Nemelex Xobeh
 63478 | Shoals:4 | Found the amulet of Vitality {Regen+ HP+15}
 63620 | Shoals:4 | Learned a level 5 spell: Manifold Assault
 63807 | Shoals:4 | Found a runed translucent door.
 65201 | Shoals:4 | Found a shimmering altar of Xom.
 65201 | Shoals:4 | Noticed yegreS's ghost (adept MiFi)
 65245 | Shoals:4 | Got a barnacled rune of Zot
 65309 | Shoals:4 | Reached XP level 19. HP: 81/159 MP: 37/37
 66385 | Shoals:4 | Received a gift from Nemelex Xobeh
 66945 | Orc:2    | Bought Great Wizards, Vol. II for 456 gold pieces
 66951 | Orc:2    | Learned a level 5 spell: Borgnjor's Vile Clutch
 66993 | Orc:1    | Killed Urug
 67698 | Lair:4   | Got the Compendium of Evil Orientation
 67973 | Vaults:1 | Entered Level 1 of the Vaults
 68760 | Vaults:1 | Learned a level 6 spell: Iron Shot
 70090 | Vaults:1 | Received a gift from Nemelex Xobeh
 70971 | Vaults:1 | Noticed Sojobo
 70971 | Vaults:1 | Noticed Agnes
 70977 | Vaults:1 | Killed Agnes
 70979 | Vaults:1 | Killed Sojobo
 71802 | Vaults:1 | Cast into level 3 of the Abyss (war gargoyle)
 71838 | Abyss:3  | Identified the +1 robe of the Little Devil {rPois Stlth+}
 72007 | Abyss:3  | Reached skill level 15 in Spellcasting
 72131 | Abyss:3  | Received a gift from Nemelex Xobeh
 72146 | Abyss:3  | Noticed a bone dragon
 72167 | Abyss:3  | Killed a bone dragon
 72169 | Abyss:3  | Upgraded the game from 0.28-a0-769-g550dbda0cd to
                  | 0.28-a0-779-g3d1f99b579
 72582 | Abyss:3  | Noticed a bone dragon
 72598 | Abyss:3  | Killed a bone dragon
 72617 | Abyss:3  | Received a gift from Nemelex Xobeh
 72818 | Abyss:3  | Reached XP level 20. HP: 128/168 MP: 27/39
 72820 | Vaults:1 | Escaped the Abyss
 73461 | Vaults:1 | Upgraded the game from 0.28-a0-779-g3d1f99b579 to
                  | 0.28-a0-793-g31680bbd8b
 74002 | Vaults:2 | Noticed Mara
 74017 | Vaults:2 | Noticed tilp's illusion
 74017 | Vaults:2 | Killed Mara
 74574 | Vaults:2 | Noticed Donald
 75494 | Vaults:2 | Reached skill level 15 in Invocations
 76066 | Vaults:2 | Received a gift from Nemelex Xobeh
 76469 | Vaults:2 | Killed Donald
 76874 | Vaults:3 | Received a gift from Nemelex Xobeh
 78225 | Vaults:3 | Reached XP level 21. HP: 147/178 MP: 14/40
 79096 | Vaults:3 | Received a gift from Nemelex Xobeh
 79688 | Vaults:3 | Reached skill level 15 in Dodging
 79829 | Vaults:3 | Identified the +0 ring mail of Charity {rN+++ Str-5 SInv
                  | Stlth+}
 80240 | Vaults:3 | Identified the +10 arbalest of Efon {speed, rPois rF- Int+2
                  | SInv}
 80284 | Vaults:3 | Found a staircase to the Crypt.
 80284 | Vaults:3 | Found an ancient bone altar of Kikubaaqudgha.
 80284 | Vaults:3 | Found a basalt altar of Yredelemnul.
 80374 | Vaults:4 | Noticed Margery
 80864 | Vaults:4 | Found Saguy's Antique Weapon Shop.
 80867 | Vaults:4 | Received a gift from Nemelex Xobeh
 81190 | Vaults:4 | Reached skill level 15 in Stealth
 81983 | Vaults:4 | Found Niuz's Antique Armour Boutique.
 81990 | Vaults:4 | Bought a pair of runed boots for 172 gold pieces
 82229 | Vaults:4 | Killed Margery
 84299 | Vaults:4 | Received a gift from Nemelex Xobeh
 84898 | Vaults:4 | Found Suzet's Jewellery Emporium.
 84905 | Vaults:4 | Bought a ring of protection from cold for 300 gold pieces
 84905 | Vaults:4 | Bought a ring of see invisible for 180 gold pieces
 85328 | Elf:1    | Entered Level 1 of the Elven Halls
 85795 | Elf:1    | Reached XP level 22. HP: 188/188 MP: 42/42
 85803 | Elf:1    | Learned a level 6 spell: Invisibility
 85811 | Elf:1    | Found Giuzek's Weapon Shop.
 85821 | Elf:1    | Bought the +11 hand crossbow "Duamnell" {flame, rPois} for
                  | 1015 gold pieces
 85878 | Elf:1    | Received a gift from Nemelex Xobeh
 86607 | Elf:1    | Found Nirrups's Antique Weapon Emporium.
 86847 | Elf:1    | Paralysed by an air elemental for 1 turns
 87022 | Elf:2    | Reached XP level 23. HP: 194/194 MP: 24/43
 87149 | Elf:2    | Received a gift from Nemelex Xobeh
 87476 | Elf:2    | Found a runed translucent gate.
 87503 | Elf:2    | Found a runed translucent gate.
 87505 | Elf:2    | Found a runed translucent gate.
 87596 | Elf:2    | Reached skill level 15 in Short Blades
 87596 | Elf:2    | Reached skill level 15 in Long Blades
 87596 | Elf:2    | Reached skill level 15 in Axes
 87596 | Elf:2    | Reached skill level 15 in Polearms
 87596 | Elf:2    | Reached skill level 15 in Staves
 87596 | Elf:2    | Reached skill level 15 in Slings
 87596 | Elf:2    | Reached skill level 15 in Bows
 87596 | Elf:2    | Reached skill level 15 in Crossbows
 87596 | Elf:2    | Reached skill level 15 in Throwing
 87596 | Elf:2    | Reached skill level 15 in Armour
 87596 | Elf:2    | Reached skill level 15 in Shields
 87596 | Elf:2    | Reached skill level 15 in Unarmed Combat
 87596 | Elf:2    | Reached skill level 15 in Evocations
 88267 | Elf:3    | Entered Level 3 of the Elven Halls
 88339 | Elf:3    | Paralysed by an air elemental for 1 turns
 88377 | Elf:3    | Identified the +1 leather armour "Vimp" {Int+3}
 89212 | Elf:3    | Received a gift from Nemelex Xobeh
 89668 | Elf:3    | Got the Almanac of Aerial Earth
 90118 | Elf:3    | Identified the +4 falchion "Zuhufru" {vamp, rElec rF+}
 90118 | Elf:3    | Identified the ring of Qinun {rPois rN+ Int-4 Dex+5 SInv}
 90780 | Elf:3    | Found the +7 Spriggan's Knife {stab, EV+4 Stlth+}
 90791 | Elf:3    | Got Omuh's Almanac of Darkness
 90814 | Elf:3    | Identified the +0 helmet of Cusaojit {rF+ Str+4}
 90836 | Elf:3    | Identified the +5 rapier "Arcanum" {venom, Str+4 Int+2}
 90920 | Elf:3    | Received a gift from Nemelex Xobeh
 91355 | Depths:1 | Entered Level 1 of the Depths
 91992 | Depths:1 | Found an iron altar of Okawaru.
 92110 | Depths:1 | Found a gateway to Hell.
 92395 | Depths:1 | Received a gift from Nemelex Xobeh
 92672 | Depths:1 | Found a white marble altar of Elyvilon.
 94145 | Depths:2 | Received a gift from Nemelex Xobeh
 95170 | Depths:2 | Found a one-way gate leading to the halls of Pandemonium.
 95181 | Depths:2 | Reached XP level 24. HP: 204/205 MP: 43/43
 96116 | Depths:2 | Noticed a royal mummy
 96134 | Depths:2 | Killed a royal mummy
 96491 | Depths:2 | Upgraded the game from 0.28-a0-793-g31680bbd8b to
                  | 0.28-a0-794-gafe8c5f9e9
 96894 | Depths:2 | Identified the amulet "Herog" {Regen+ Str+5}
 96894 | Depths:2 | Noticed a royal mummy
 96909 | Depths:2 | Killed a royal mummy
 97393 | Depths:3 | Found a magical portal.
 97449 | Depths:3 | Upgraded the game from 0.28-a0-794-gafe8c5f9e9 to
                  | 0.28-a0-802-g09f76e8c00
 97457 | WizLab   | Entered The Hall of the Hellbinder
 98052 | WizLab   | Received a gift from Nemelex Xobeh
 98632 | WizLab   | Identified the amulet "Feomughe" {Faith Harm rCorr Int+2}
 98664 | WizLab   | Gained mutation: You are frail. (-10% HP) [a cacodemon]
 99118 | WizLab   | Found a burning altar of Makhleb.
 99166 | WizLab   | Identified the ring "Wichag" {Contam rElec rPois Str+6
                  | Dex+3}
100635 | Depths:3 | Killed from afar by an ice dragon

Illustrated notes

Levels and vault maps discovered:
D:1:      onia_arrival_zoo_common, layout_basic
D:2:      layout_rooms, shapermc_ecumenical_altar_mp_urbaneastern, uniq_terence
D:3:      layout_basic, roderic_roman_lattice, uniq_ijyb
D:4:      layout_gridville, nicolae_shop_gadgets
D:5:      layout_basic, serial_shops, nicolae_square_shop, gup_sewer_entry_bowl,
          minmay_manual_monstrance
D:6:      corexii_shack_village, layout_loops_ring, uniq_blork_the_orc,
          uniq_menkaure, uniq_crazy_yiuf_cottage
D:7:      layout_basic, minmay_temple_entry_gardened_gates
D:8:      layout_rooms, minitemple, mainiacjoe_overflow_large_starburst,
          serial_glass, glass_columns_a, glass_columns_a
D:9:      minmay_the_grid_octo_2x2 [minmay_the_grid_octo_pinwheel,
          minmay_the_grid_octo_clover_2, minmay_the_grid_octo_77,
          minmay_the_grid_octo_prize_big_c], layout_long_grid, uniq_joseph,
          uniq_psyche
D:10:     layout_gridville, grunt_gozag_statues, lemuel_coloured_pillars_altar,
          david_lair_shrubbed, orc_david_3, enter_bailey_2,
          hangedman_decor_points, uniq_nergalle
D:11:     layout_cave_pools, minmay_misc_feat_cross
D:12:     minmay_slanted_spiral_squares, layout_long_grid, minmay_door_square,
          st_stairs_3
D:13:     layout_gridville, skrybe_vaults_entry_preservation, minivault_20
D:14:     layout_loops_cross, nicolae_qazlal_style_of_elements
D:15:     gammafunk_enter_depths_forms, layout_basic, hangedman_glass_teeth,
          uniq_josephine
Lair:1:   layout_gridlike, uniq_fannar
Lair:2:   layout_hall_layers
Lair:3:   layout_cave_shapes, grunt_megastairs_5, lemuel_fruit_tree, uniq_sonja
Lair:4:   dragon1_lemuel, layout_cave_pods, elwin_shoals_entry_rooms,
          spider_nest_entry_funnel_web, portal_ice_cave_entry_pillars_2,
          grunt_megastairs_3
Lair:5:   layout_regular_city, dpeg_slime_entry_enclosed_altar, serial_rivers,
          chequers_serial_rivers_room_b, chequers_serial_rivers_micro_d,
          chequers_serial_rivers_small_a, chequers_serial_rivers_micro_e,
          chequers_serial_rivers_micro_b, uniq_rupert
Lair:6:   gammafunk_lair_ancient_temple, layout_small_grid
Shoals:1: layout_shoals, uniq_louise, uniq_kirke
Shoals:2: layout_shoals, nicolae_shoals_kraken_party
Shoals:3: layout_shoals
Shoals:4: shoals_end_grunt_ice, layout_shoals, ebering_ghost_xom
Spider:1: layout_spider_delve
Spider:2: layout_spider_delve, spiders_nest_spider_trap
Spider:3: layout_chambers, hellmonk_ghost_happy_afterlife,
          hangedman_spider_tarantella_strand
Spider:4: guppyfry_spider_rune, uniq_arachne
Orc:1:    layout_caves, uniq_urug, uniq_erica
Orc:2:    grunt_orc_gardens, layout_caves, grunt_orc_garden, grunt_orc_garden,
          grunt_orc_garden, grunt_orc_garden
Elf:1:    minmay_elf_arrival_circle, layout_onion_city, serial_shops, shop, shop
Elf:2:    nicolae_elf_blades_crystal_corner, layout_loops_corners,
          minmay_misc_feat_rows
Elf:3:    grunt_elf_hall_branching, layout_loops_corners,
          hangedman_elf_represent
Vaults:1: v_misc_25, vaults_dpeg_encased_lava, sword_in_stone, v_rooms_1,
          nicolae_vaults_network_barrier, v_pattern_2, v_misc_10,
          nicolae_vaults_network_s, ontoclasm_vaults_claustrophobia, v_rooms_3,
          nicolae_vaults_little_squares_3, vaults_room_pools,
          vaults_dpeg_diagonal, layout_vaults_maze
Vaults:2: ontoclasm_vaults_tryst, hangedman_vaults_stream,
          nicolae_vaults_network_quinsquares
          [nicolae_vaults_network_quincunx_subvault,
          nicolae_vaults_network_quincunx_subvault,
          nicolae_vaults_network_quincunx_subvault,
          nicolae_vaults_network_quincunx_subvault], nicolae_vaults_what_the_h,
          hangedman_vaults_corner, vaults_room_hallway,
          hangedman_vaults_restitches, v_misc_2, st_cells,
          ontoclasm_vaults_decontamination, layout_vaults_ring, uniq_donald,
          uniq_mara
Vaults:3: st_diamondy, v_misc_24, v_rooms_2, hangedman_vaults_slice,
          nicolae_vaults_inception_scallops, minmay_crypt_entry_necro_gods,
          vaults_room_door_hall, vaults_room_door_ring, vaults_mumra_hexcomb,
          nicolae_vaults_yaktaur_gun_rack, nicolae_vaults_little_ls,
          vaults_room_door_hall, nicolae_vaults_little_squares_1,
          layout_vaults_omnibox, uniq_sojobo
Vaults:4: v_alt_pattern_6, ontoclasm_vaults_shuriken, v_misc_16,
          vaults_dpeg_doors, v_misc_17, nicolae_vaults_theta, v_misc_13,
          vaults_dpeg_spiral, ontoclasm_vaults_ligature,
          layout_vaults_big_cross, serial_shops, nicolae_shop_trees,
          nicolae_shop_temple_entry_statues_fountains,
          nicolae_shop_competitors_out_of_business, uniq_margery
Depths:1: layout_roguey, pf_coc_iceberg, elyvilon_altar_1, st_stairs_12,
          hangedman_abyss_or_decor_stabs, drop_trap, okawaru_trees_2
Depths:2: ragdoll_tomb_raider, layout_gridville, pan_entry,
          pf_dread_powers_of_hell, minmay_staircase_bubble, st_stairs_11
Depths:3: grated_community_mu [grated_community_mu_vampire_home,
          grated_community_mu_giant_home, grated_community_mu_spellcaster_home,
          grated_community_mu_orcish_home, grated_community_mu_troll_home,
          grated_community_mu_taur_home, grated_community_mu_unbuilt_plot],
          layout_basic, nicolae_ashenzari_panopticon, abyss_entry_crystal,
          mu_enter_wizlab_4, hell_entry, minmay_mirror_moons_of_madness

Skill      XL: |  1  2  3  4  5  6  7  8  9 10 11 12 13 14 15 16 17 18 19 20 21 22 23 24 |
---------------+-------------------------------------------------------------------------+-----
Conjurations   | 2 3 4 5 6 7 8 9 10 11 12 13 | 13.8
Summonings     | 2 3 4 5 6 7 8 9 10 11 12 13 | 13.8
Translocations | 2 3 4 5 6 7 8 9 10 11 12 13 | 13.8
Invocations    | 1 2 3 4 5 6 7 8 9 10 11 12 13 14 15 16 17 | 17.3
Fighting       | 1 2 3 4 5 6 8 10 11 13 14 15 16 17 18 19 20 21 | 21.0
Short Blades   | 1 2 3 4 5 6 7 8 9 10 11 12 13 14 15 16 | 16.0
Long Blades    | 1 2 3 4 5 6 7 8 9 10 11 12 13 14 15 16 | 16.0
Axes           | 1 2 3 4 5 6 7 8 9 10 11 12 13 14 15 16 | 16.0
Maces & Flails | 1 2 4 5 7 9 10 11 13 14 15 16 17 18 19 20 21 | 21.7
Polearms       | 1 2 3 4 5 6 7 8 9 10 11 12 13 14 15 16 | 16.0
Staves         | 1 2 3 4 5 6 7 8 9 10 11 12 13 14 15 16 | 16.0
Slings         | 1 2 3 4 5 6 7 8 9 10 11 12 13 14 15 16 | 16.0
Bows           | 1 2 3 4 5 6 7 8 9 10 11 12 13 14 15 16 | 16.0
Crossbows      | 1 2 3 4 5 6 7 8 9 10 11 12 13 14 15 16 | 16.0
Throwing       | 1 2 3 4 5 6 7 8 9 10 11 12 13 14 15 16 | 16.0
Armour         | 1 2 3 4 5 6 7 8 9 10 11 12 13 14 15 16 | 16.0
Shields        | 1 2 3 4 5 6 7 8 9 10 11 12 13 14 15 16 | 16.0
Unarmed Combat | 1 2 3 4 5 6 7 8 9 10 11 12 13 14 15 16 | 16.0
Evocations     | 1 2 3 4 5 6 7 8 9 10 11 12 13 14 15 16 | 16.0
Hexes          | 1 2 3 4 5 6 7 8 9 10 11 12 13 | 13.6
Necromancy     | 1 2 3 4 5 6 7 8 9 10 11 12 13 | 13.6
Transmutations | 1 2 3 4 5 6 7 8 9 10 11 12 13 | 13.6
Fire Magic     | 1 2 3 4 5 6 7 8 9 10 11 12 13 | 13.6
Ice Magic      | 1 2 3 4 5 6 7 8 9 10 11 12 13 | 13.6
Air Magic      | 1 2 3 4 5 6 7 8 9 10 11 12 13 | 13.6
Earth Magic    | 1 2 3 4 5 6 7 8 9 10 11 12 13 | 13.6
Poison Magic   | 1 2 3 4 5 6 7 8 9 10 11 12 13 | 13.6
Dodging        | 5 6 7 8 9 10 11 12 13 14 15 16 | 16.6
Stealth        | 5 6 7 8 9 10 11 12 13 14 15 16 | 16.5
Spellcasting   | 8 9 10 11 12 13 14 15 16 17 | 17.3

Action                   |  1- 3 |  4- 6 |  7- 9 | 10-12 | 13-15 | 16-18 | 19-21 | 22-24 || total
-------------------------+-------+-------+-------+-------+-------+-------+-------+-------++-------
Melee: Dagger            |     2 |       |       |       |       |       |       |       ||     2
       Trident           |    10 |    16 |    97 |       |       |       |       |       ||   123
       Bite              |     1 |     2 |    22 |    40 |    95 |   123 |   230 |   138 ||   651
       Spear             |       |    21 |    60 |       |       |       |       |       ||    81
       Flail             |       |       |    55 |       |       |       |       |       ||    55
       Punch             |       |       |     2 |       |       |       |       |       ||     2
       Morningstar       |       |       |     3 |   354 |  1000 |  1049 |   365 |       ||  2771
       Staff             |       |       |       |    54 |       |       |       |       ||    54
       Long sword        |       |       |       |       |     7 |       |       |       ||     7
       Sacred scourge    |       |       |       |       |       |       |  1370 |   123 ||  1493
       Demon whip        |       |       |       |       |       |       |    47 |   798 ||   845
 Fire: Hunting sling     |    34 |    75 |   350 |   513 |   200 |       |       |       ||  1172
       Hand crossbow     |       |       |       |       |    16 |   735 |    63 |   575 ||  1389
Throw: Dart              |     1 |       |     1 |     6 |     5 |     1 |     2 |       ||    16
       Stone             |       |       |       |       |    22 |       |       |       ||    22
 Cast: Magic Dart        |    50 |     6 |    14 |     6 |     4 |       |       |       ||    80
       Blink             |       |     7 |    11 |     4 |     8 |     6 |     1 |     4 ||    41
       Mephitic Cloud    |       |       |     3 |    59 |    37 |    14 |       |       ||   113
       Tukima's Dance    |       |       |     2 |    16 |    47 |     1 |    22 |     9 ||    97
       Ensorcelled Hiber |       |       |     1 |     8 |     3 |       |       |       ||    12
       Conjure Flame     |       |       |     1 |    12 |    11 |     4 |     2 |     2 ||    32
       Call Imp          |       |       |     1 |       |       |       |       |       ||     1
       Call Canine Famil |       |       |       |     7 |    28 |    12 |       |       ||    47
       Frozen Ramparts   |       |       |       |       |    58 |    62 |    22 |       ||   142
       Slow              |       |       |       |       |    17 |     3 |       |       ||    20
       Swiftness         |       |       |       |       |     7 |       |       |       ||     7
       Hailstorm         |       |       |       |       |     9 |    66 |    49 |       ||   124
       Airstrike         |       |       |       |       |       |     7 |     2 |       ||     9
       Animate Armour    |       |       |       |       |       |     5 |    29 |       ||    34
       Manifold Assault  |       |       |       |       |       |    11 |    80 |    27 ||   118
       Borgnjor's Vile C |       |       |       |       |       |       |    84 |    19 ||   103
       Iron Shot         |       |       |       |       |       |       |    82 |    53 ||   135
       Invisibility      |       |       |       |       |       |       |       |     1 ||     1
Invok: Draw Destruction  |     3 |     2 |       |     5 |     7 |     7 |     6 |     2 ||    32
       Draw Summoning    |       |     1 |       |     2 |     8 |    16 |     6 |     4 ||    37
       Deal Four         |       |       |       |     1 |     8 |     7 |     1 |     4 ||    21
       Triple Draw       |       |       |       |       |     5 |     5 |     7 |     2 ||    19
       Draw Escape       |       |       |       |       |       |       |     2 |     1 ||     3
Evoke: Wand              |       |     3 |     3 |     2 |    24 |    19 |     2 |     2 ||    55
       Condenser vane    |       |       |       |       |     1 |     2 |     2 |     2 ||     7
       Box of beasts     |       |       |       |       |     1 |     1 |     1 |       ||     3
       Tin of tremorston |       |       |       |       |     1 |       |       |       ||     1
       Phantom mirror    |       |       |       |       |     1 |     2 |       |     1 ||     4
       Phial of floods   |       |       |       |       |       |     1 |     2 |     2 ||     5
       Lightning rod     |       |       |       |       |       |     4 |       |     4 ||     8
  Use: Scroll            |     4 |     1 |     7 |    10 |    10 |    10 |     8 |     6 ||    56
       Potion            |       |       |       |     3 |     2 |     1 |     5 |     1 ||    12
 Stab: Sleeping          |       |       |     7 |     2 |    10 |       |     7 |     1 ||    27
       Paralysed         |       |       |     5 |    13 |    23 |       |       |       ||    41
       Confused          |       |       |     3 |    20 |    20 |     4 |       |       ||    47
       Distracted        |       |       |       |       |     5 |     4 |     2 |     1 ||    12
Armor: Leather armour    |     4 |       |       |       |       |       |       |       ||     4
       Ring mail         |     4 |    16 |    90 |    69 |       |       |       |       ||   179
       Scale mail        |       |       |       |    32 |   307 |    65 |       |       ||   404
       Chain mail        |       |       |       |       |       |   623 |   379 |   252 ||  1254
Dodge: Dodged            |    33 |    34 |   226 |   342 |   423 |   538 |   351 |   263 ||  2210
Block: Buckler           |       |       |    21 |   159 |   138 |       |       |       ||   318
       Kite shield       |       |       |       |       |   337 |  1363 |   869 |   565 ||  3134
       Reflection        |       |       |       |       |       |    62 |       |       ||    62

Table legend: (Time is in decaauts)
 A = Elapsed time spent in this place.
 B = Non-inter-level travel time spent in this place.
 C = Inter-level travel time spent in this place.
 D = Time resting spent in this place.
 E = Time spent auto-exploring this place.
 F = Levels seen in this place.
 G = Mean time per level.
                   A        B        C        D        E       F      G
               +--------+--------+--------+--------+--------+-----+--------+
         Total |  99808 |  92031 |   7777 |  30984 |  43567 |  46 | 2169.7 |
       Dungeon |  28292 |  25001 |   3291 |   4981 |  15465 |  15 | 1886.1 |
          Lair |  10632 |   8903 |   1729 |   2115 |   5033 |   6 | 1772.0 |
        Shoals |  11099 |  10246 |    853 |   3535 |   4873 |   4 | 2774.8 |
   Spider Nest |  10297 |   9902 |    395 |   4415 |   3670 |   4 | 2574.2 |
  Orcish Mines |   3769 |   3131 |    638 |   1076 |   1255 |   2 | 1884.5 |
   Elven Halls |   5412 |   5218 |    194 |    846 |   3375 |   3 | 1804.0 |
        Vaults |  15583 |  15048 |    535 |   7270 |   5478 |   4 | 3895.8 |
        Depths |   7235 |   7096 |    139 |   2962 |   2941 |   3 | 2411.7 |
         Abyss |    959 |    959 |      0 |    340 |      0 |   1 |  959.0 |
         Sewer |    828 |    828 |      0 |     28 |    504 |   1 |  828.0 |
        Bailey |   1425 |   1425 |      0 |    159 |    859 |   1 | 1425.0 |
      Ice Cave |   2521 |   2521 |      0 |   2081 |     53 |   1 | 2521.0 |
        Wizlab |   1750 |   1750 |      0 |   1171 |     59 |   1 | 1750.0 |
               +--------+--------+--------+--------+--------+-----+--------+

Top non-repeatable levels by time:
     D:9: 4673 daAuts
Spider:3: 4652 daAuts
Vaults:1: 4510 daAuts
Vaults:3: 4179 daAuts
Shoals:2: 3788 daAuts
Vaults:2: 3623 daAuts
Vaults:4: 3271 daAuts
Shoals:4: 3221 daAuts
  Lair:4: 3178 daAuts
Depths:2: 2974 daAuts
Depths:1: 2774 daAuts
   Elf:3: 2724 daAuts
Spider:4: 2563 daAuts
   IceCv: 2521 daAuts
     D:5: 2508 daAuts
